 Dungeon Crawl Stone Soup version 0.30-a0-279-g4b46babb21 (webtiles) character file.

Game seed: 10963267021356149606

77 AarnesTheHuman the Shield-Bearer (level 4, -1/35 HPs)
             Began as a Formicid Fighter on Oct 16, 2022.
             Slain by an ice beast (2 damage)
             ... on level 3 of the Dungeon.
             The game lasted 00:02:11 (1682 turns).

AarnesTheHuman the Shield-Bearer (Formicid Fighter) Turns: 1682, Time: 00:02:11

Health: -1/35      AC:  6    Str: 23    XL:     4   Next: 58%
Magic:  4/4        EV:  9    Int:  7    God:
Gold:   247        SH:  5    Dex: 13    Spells: 3/3 levels left

rFire   . . .      SeeInvis +    a - +0 quarterstaff
rCold   . . .      Faith    .    c - +0 buckler
rNeg    . . .      Spirit   .    b - +0 scale mail
rPois   .          Reflect  .    (helmet unavailable)
rElec   .          Harm     .    (no cloak)
rCorr   .          Rampage  .    (no gloves)
Will    .....                    (no boots)
Stlth   ..........               (no amulet)
HPRegen 0.25/turn                o - ring of flight
MPRegen 0.09/turn                (no ring)

@: flying
A: permanent stasis, dig shafts and tunnels, antennae 3, four strong arms
a: Dig, Shaft Self


You were on level 3 of the Dungeon.
You visited 1 branch of the dungeon, and saw 3 of its levels.

You collected 247 gold pieces.

Inventory:

Hand Weapons
 a - a +0 quarterstaff (weapon)
 l - a +0 dagger of electrocution
Missiles
 k - 16 stones
Armour
 b - a +0 scale mail (worn)
 c - a +0 buckler (worn)
Jewellery
 o - a ring of flight (left hand)
Wands
 i - a wand of flame (26)
Scrolls
 e - a scroll of blinking {unknown}
 g - a scroll of identify
 j - a scroll of immolation
 n - a scroll of poison
 q - a scroll of acquirement {unknown}
Potions
 d - 3 potions of might
 f - a potion of attraction
 m - a potion of lignification {unknown}


   Skills:
 - Level 3.2 Fighting
 + Level 3.4 Staves
 - Level 3.2 Armour
 + Level 5.4 Shields


You had 3 spell levels left.
You didn't know any spells.
Your spell library contained the following spells:

 Spells                   Type           Power      Damage    Failure   Level
 Shock                    Conj/Air       0%         1d3       80%         1
 Dazzling Flash           Conj/Hex       0%         N/A       99%         3
 Frozen Ramparts          Ice            0%         1d1       99%         3
 Airstrike                Air            0%         2d(0-16)  100%        4
 Ice Form                 Ice/Tmut       0%         N/A       100%        4
 Summon Ice Beast         Ice/Summ       0%         N/A       100%        4
 Agony                    Necr           0%         N/A       100%        5
 Silence                  Hex/Air        0%         N/A       100%        5
 Swiftness                Air            Unusable   N/A       N/A         3

Dungeon Overview and Level Annotations

Branches:
Dungeon (3/15)

Altars:


Innate Abilities, Weirdness & Mutations

You cannot be hasted, slowed, berserked, paralysed or teleported.
You can dig through walls and to a lower floor.
You have a pair of large antennae on your head. (SInv)
Your four strong arms can wield two-handed weapons with a shield.


Message History

Things that are here:
a +0 falchion; a +0 ring mail; an orc corpse
Found a trident.
g - a scroll of identify You now have 247 gold pieces (gained 16).
Found a stone staircase leading up.
Found a human skeleton.
An ice beast comes into view.
Found a human skeleton.
The ice beast hits you but does no damage.
You sock the ice beast!
The ice beast is moderately wounded.
The ice beast hits you but does no damage.
You closely miss the ice beast.
The ice beast is moderately wounded.
The ice beast hits you but does no damage.
You barely miss the ice beast.
The ice beast is moderately wounded.
The ice beast hits you. The ice beast freezes you!
You closely miss the ice beast.
The ice beast is moderately wounded.
The ice beast closely misses you.
The ice beast hits you but does no damage.
You closely miss the ice beast.
The ice beast is moderately wounded.
The ice beast closely misses you.
You hit the ice beast.
The ice beast is heavily wounded.
The ice beast hits you. The ice beast freezes you!
You hit the ice beast.
The ice beast is heavily wounded.
The ice beast hits you but does no damage.
You hit the ice beast but do no damage.
The ice beast is heavily wounded.
The ice beast hits you. The ice beast freezes you!
* * * LOW HITPOINT WARNING * * *
You barely miss the ice beast.
The ice beast is heavily wounded.
The ice beast hits you.
You die...

................##....#
#.....
...................##.#
#.....
.....>...########†......
#..... ..........# #..##..
#.###. ##.####..## .....8.
###.# #. ...# ..## .......
#...# #. .### #.## .÷.....
#...###. ## #. ###8......
#....... # #. #.@Y......
#.....#. # #.#8÷.....
#....... #.##########....###
##.#.............#....
#........#........##... .
......<###....†)....##.#. ..
. ....#####.....††....#....
.. . ###..
##......#######.##.
.#####..#.................###


You could see an ice beast.

Vanquished Creatures
  An adder (D:2)
  2 dart slugs (D:1)
  2 orcs (D:3)
  3 ball pythons
  6 endoplasms
  A giant cockroach (D:1)
  3 hobgoblins
  11 jackals
  4 quokkas
  6 bats
  A frilled lizard (D:2)
  7 goblins
  5 rats
52 creatures vanquished.

Notes
Turn   | Place    | Note
-------+----------+-------------------------------------------
     0 | D:1      | AarnesTheHuman the Formicid Fighter began the quest for the
                  | Orb.
     0 | D:1      | Reached XP level 1. HP: 18/18 MP: 1/1
   171 | D:1      | Reached XP level 2. HP: 24/24 MP: 2/2
   418 | D:1      | Reached XP level 3. HP: 29/29 MP: 3/3
   930 | D:2      | Reached skill level 5 in Shields
   982 | D:2      | Reached XP level 4. HP: 34/35 MP: 4/4
  1672 | D:3      | Noticed an ice beast
  1681 | D:3      | HP: 1/35 [ice beast (13)]
  1682 | D:3      | Slain by an ice beast

Illustrated notes

Levels and vault maps discovered:
D:1:      psy_arrival_whirlpool, layout_basic, minmay_tromino_v4_b
D:2:      layout_rooms, hangedman_abyss_or_decor_lesser_grid, chequers_garden,
          ebering_dispersal_statue_hall
D:3:      layout_rooms, shapermc_ecumenical_altar_pompeii,
          amcnicky_mini_corridor_feature, minmay_misc_feat_x

Skill      XL: |  1  2  3 |
---------------+----------+-----
Shields        | 5 |  5.4
Staves         | 3 |  3.4
Fighting       | |  3.2
Armour         | |  3.2

Action                   |  1- 3 |  4- 6 || total
-------------------------+-------+-------++-------
Melee: Quarterstaff      |    81 |    49 ||   130
  Use: Scroll            |       |     6 ||     6
Armor: Scale mail        |    48 |    10 ||    58
Dodge: Dodged            |    64 |    22 ||    86
Block: Buckler           |    36 |     9 ||    45

Table legend: (Time is in decaauts)
 A = Elapsed time spent in this place.
 B = Non-inter-level travel time spent in this place.
 C = Inter-level travel time spent in this place.
 D = Time resting spent in this place.
 E = Time spent auto-exploring this place.
 F = Levels seen in this place.
 G = Mean time per level.
                   A        B        C        D        E       F      G
               +--------+--------+--------+--------+--------+-----+--------+
         Total |   1706 |   1677 |     29 |    100 |   1228 |   3 |  568.7 |
       Dungeon |   1706 |   1677 |     29 |    100 |   1228 |   3 |  568.7 |
               +--------+--------+--------+--------+--------+-----+--------+

Top non-repeatable levels by time:
     D:1: 848 daAuts
     D:3: 479 daAuts
     D:2: 378 daAuts
